[ AOE2 MATCH · #481934699 ]
Team RMEthiopians vs Jurchens
Player's team · WIN
[ REPLAY ANALYSIS · EXTRACTED FROM THE RECORDED GAME ]
Feudal
12:48
Castle
17:06
Imperial
—
| APM avg | 22.7 |
| APM peak | 40 |
| eAPM avg | 9.4 |
| Villagers / military | 50 / 23 |
Focus
⚔️ 28.6% · 🌾 71.4%
Archer ×15 · Spearman ×8
Feudal
11:00
Castle
20:50
Imperial
—
| APM avg | 39.4 |
| APM peak | 66 |
| eAPM avg | 18.9 |
| Villagers / military | 68 / 40 |
Focus
⚔️ 24.9% · 🌾 75.1%
Archer ×38 · Spearman ×1 · Mangonel ×1
Feudal
10:07
Castle
13:43
Imperial
—
| APM avg | 36.6 |
| APM peak | 66 |
| eAPM avg | 15.2 |
| Villagers / military | 69 / 3 |
Focus
⚔️ 26.5% · 🌾 73.5%
Unknown (2579) ×38 · Monk ×3
Feudal
11:19
Castle
21:31
Imperial
—
| APM avg | 26.4 |
| APM peak | 65 |
| eAPM avg | 14.8 |
| Villagers / military | 61 / 37 |
Focus
⚔️ 24.0% · 🌾 76.0%
Archer ×20 · Rattan Archer ×9 · Spearman ×8
Feudal
9:06
Castle
23:36
Imperial
—
| APM avg | 34.7 |
| APM peak | 75 |
| eAPM avg | 16.2 |
| Villagers / military | 95 / 17 |
Focus
⚔️ 25.7% · 🌾 74.3%
Camel Scout ×7 · Scout Cavalry ×6 · Spearman ×4
Feudal
9:39
Castle
22:45
Imperial
—
| APM avg | 39.6 |
| APM peak | 89 |
| eAPM avg | 15.4 |
| Villagers / military | 75 / 21 |
Focus
⚔️ 21.9% · 🌾 78.1%
Scout Cavalry ×11 · Steppe Lancer ×10 · Unknown (1908) ×4
Feudal
9:08
Castle
24:08
Imperial
—
| APM avg | 38.3 |
| APM peak | 75 |
| eAPM avg | 14.7 |
| Villagers / military | 70 / 29 |
Focus
⚔️ 21.0% · 🌾 79.0%
Knight ×17 · Scout Cavalry ×11 · Monk ×1
Feudal
11:25
Castle
17:03
Imperial
—
| APM avg | 37.8 |
| APM peak | 96 |
| eAPM avg | 19.9 |
| Villagers / military | 98 / 40 |
Focus
⚔️ 20.2% · 🌾 79.8%
Knight ×40
Match map
Initial resources + every placement click. Lines = walls · curves = elevation contours. ◆ gold · ⬟ stone · ● berries · ✦ relic · ◌ wall gap
Your base· Open — unwalled flank
xu3u6vm0888's base· Open — 7t gap
I still love Koreans's base· Open — unwalled flank
cro55b0w's base· Open — 5t gap
Fürst Zono's base· Open — unwalled flank
Yasuo, the Unforgiven's base· Open — unwalled flank
I still hate Goths's base· Open — unwalled flank
帝国时代2--叶枫's base· Open — unwalled flank
Smoothed initial terrain · ◌ = detected wall gap · hover for details
Inputs per minute
— Tanana - - xu3u6vm0888
Build order — Tanana
145 actions detected in the replay
| 0:01 | Create | Villager (Male) |
| 0:02 | Create | Villager (Male) |
| 0:02 | Build | House |
| 0:04 | Build | House |
| 0:25 | Create | Villager (Male) |
| 0:25 | Create | Villager (Male) |
| 1:37 | Create | Villager (Male) |
| 1:46 | Build | Lumber Camp |
| 1:59 | Create | Villager (Male) |
| 3:11 | Create | Villager (Male) |
| 3:11 | Create | Villager (Male) |
| 3:11 | Create | Villager (Male) |
| 4:16 | Create | Villager (Male) |
| 4:16 | Create | Villager (Male) |
| 4:58 | Create | Villager (Male) |
| 4:59 | Create | Villager (Male) |
| 5:21 | Research | Loom |
| 5:24 | Build | House |
| 5:41 | Create | Villager (Male) |
| 5:48 | Create | Villager (Male) |
| 6:02 | Create | Villager (Male) |
| 6:32 | Build | House |
| 7:06 | Create | Villager (Male) |
| 7:22 | Build | House |
| 7:32 | Create | Villager (Male) |
| 8:00 | Create | Villager (Male) |
| 8:03 | Create | Villager (Male) |
| 9:31 | Build | Palisade Wall |
| 9:50 | Build | Mill |
| 10:03 | Create | Villager (Male) |
| 10:13 | Build | Mining Camp |
| 10:24 | Build | Palisade Wall |
| 10:30 | Build | Palisade Wall |
| 10:38 | Research | Feudal Age |
| 11:31 | Build | Palisade Wall |
| 11:53 | Create | Villager (Male) |
| 11:54 | Create | Villager (Male) |
| 12:31 | Build | Farm |
| 12:32 | Build | Farm |
| 12:48 | Age | Feudal Age |
| 12:58 | Build | Market |
| 13:11 | Build | House |
| 13:14 | Build | Blacksmith |
| 13:17 | Build | Palisade Wall |
| 13:20 | Build | Palisade Wall |
| 14:01 | Create | Villager (Male) |
| 14:06 | Research | Castle Age |
| 14:31 | Build | Barracks |
| 15:32 | Create | Spearman |
| 15:33 | Create | Spearman |
| 15:36 | Build | Farm |
| 15:53 | Build | Archery Range |
| 16:18 | Research | Double-Bit Axe |
| 16:54 | Create | Archer |
| 16:55 | Create | Archer |
| 16:58 | Build | Farm |
| 17:06 | Age | Castle Age |
| 17:16 | Create | Villager (Male) |
| 17:19 | Create | Spearman |
| 17:23 | Create | Spearman |
| 17:26 | Build | Farm |
| 17:28 | Build | Farm |
| 19:09 | Create | Villager (Male) |
| 19:09 | Create | Villager (Male) |
| 19:12 | Create | Archer |
| 19:13 | Create | Archer |
| 19:15 | Create | Villager (Male) |
| 19:50 | Create | Villager (Male) |
| 19:52 | Build | House |
| 20:17 | Create | Villager (Male) |
| 20:30 | Create | Villager (Male) |
| 20:33 | Research | Crossbowman (upgrade) |
| 20:36 | Build | Archery Range |
| 20:39 | Create | Archer |
| 20:48 | Build | Farm |
| 21:00 | Build | Gate |
| 21:05 | Create | Villager (Male) |
| 21:11 | Research | Bow Saw |
| 21:12 | Research | Horse Collar |
| 21:27 | Build | Farm |
| 21:33 | Build | House |
| 21:40 | Create | Archer |
| 21:44 | Build | House |
| 21:45 | Build | House |
| 22:00 | Research | Fletching |
| 22:12 | Build | House |
| 22:28 | Create | Villager (Male) |
| 22:29 | Build | Farm |
| 22:30 | Build | Farm |
| 22:34 | Create | Spearman |
| 22:34 | Create | Spearman |
| 22:47 | Research | Scale Mail Armor |
| 22:48 | Create | Villager (Male) |
| 22:50 | Build | Farm |
| 22:50 | Build | Farm |
| 23:35 | Create | Spearman |
| 23:35 | Create | Spearman |
| 24:30 | Build | Palisade Wall |
| 24:58 | Create | Villager (Male) |
| 25:07 | Build | Farm |
| 25:07 | Build | Farm |
| 25:33 | Build | Town Center |
| 25:34 | Create | Villager (Male) |
| 25:38 | Research | Heavy Plow |
| 25:40 | Create | Archer |
| 25:41 | Create | Archer |
| 25:43 | Research | Bodkin Arrow |
| 25:47 | Build | Farm |
| 25:48 | Create | Villager (Male) |
| 25:52 | Build | Farm |
| 25:53 | Create | Villager (Male) |
| 26:07 | Build | House |
| 26:10 | Build | House |
| 26:13 | Create | Villager (Male) |
| 26:13 | Create | Villager (Male) |
| 26:29 | Create | Archer |
| 26:29 | Create | Archer |
| 26:32 | Create | Villager (Male) |
| 26:46 | Build | Lumber Camp |
| 26:47 | Create | Villager (Male) |
| 26:48 | Create | Villager (Male) |
| 26:56 | Build | House |
| 26:57 | Build | House |
| 26:59 | Build | House |
| 27:32 | Create | Villager (Male) |
| 27:33 | Create | Villager (Male) |
| 27:35 | Build | Farm |
| 28:01 | Create | Archer |
| 28:01 | Create | Archer |
| 28:02 | Create | Archer |
| 28:23 | Build | Farm |
| 28:24 | Build | Farm |
| 28:24 | Create | Villager (Male) |
| 28:28 | Create | Archer |
| 28:28 | Create | Archer |
| 28:33 | Build | House |
| 28:36 | Build | House |
| 28:56 | Create | Villager (Male) |
| 29:05 | Create | Villager (Male) |
| 29:09 | Create | Villager (Male) |
| 29:34 | Create | Villager (Male) |
| 29:47 | Build | Farm |
| 29:47 | Build | Farm |
| 29:47 | Build | Farm |
| 29:54 | Build | Town Center |
Build order — xu3u6vm0888
First 150 of 173 actions detected
| 0:02 | Create | Villager (Male) |
| 0:03 | Create | Villager (Male) |
| 0:03 | Create | Villager (Male) |
| 0:03 | Create | Villager (Male) |
| 0:03 | Create | Villager (Male) |
| 0:04 | Create | Villager (Male) |
| 0:04 | Research | Loom |
| 0:06 | Build | House |
| 0:09 | Build | House |
| 1:29 | Create | Villager (Male) |
| 1:30 | Create | Villager (Male) |
| 1:54 | Create | Villager (Male) |
| 1:54 | Create | Villager (Male) |
| 2:40 | Create | Villager (Male) |
| 2:40 | Create | Villager (Male) |
| 2:42 | Build | Lumber Camp |
| 3:11 | Create | Villager (Male) |
| 3:11 | Create | Villager (Male) |
| 4:11 | Create | Villager (Male) |
| 4:47 | Create | Villager (Male) |
| 4:58 | Create | Villager (Male) |
| 4:59 | Create | Villager (Male) |
| 4:59 | Create | Villager (Male) |
| 5:08 | Create | Villager (Male) |
| 5:08 | Create | Villager (Male) |
| 5:41 | Build | House |
| 6:17 | Create | Villager (Male) |
| 6:18 | Create | Villager (Male) |
| 7:05 | Build | House |
| 7:14 | Build | House |
| 7:47 | Build | House |
| 7:50 | Build | Palisade Wall |
| 8:08 | Create | Villager (Male) |
| 8:11 | Build | Mill |
| 8:29 | Build | Mining Camp |
| 8:50 | Research | Feudal Age |
| 9:44 | Build | Barracks |
| 10:50 | Build | House |
| 11:00 | Age | Feudal Age |
| 11:11 | Build | Archery Range |
| 11:16 | Build | Archery Range |
| 11:23 | Create | Spearman |
| 11:28 | Build | Palisade Wall |
| 11:29 | Create | Villager (Male) |
| 11:30 | Create | Villager (Male) |
| 11:31 | Create | Villager (Male) |
| 11:32 | Create | Villager (Male) |
| 11:33 | Create | Villager (Male) |
| 11:34 | Create | Villager (Male) |
| 11:35 | Create | Villager (Male) |
| 11:55 | Build | Blacksmith |
| 11:59 | Create | Archer |
| 12:01 | Create | Archer |
| 12:02 | Create | Archer |
| 12:16 | Create | Villager (Male) |
| 12:20 | Create | Archer |
| 12:52 | Create | Archer |
| 12:52 | Create | Archer |
| 13:06 | Build | House |
| 13:07 | Build | House |
| 13:08 | Create | Villager (Male) |
| 13:25 | Create | Archer |
| 13:26 | Create | Archer |
| 13:41 | Create | Villager (Male) |
| 14:09 | Build | Palisade Gate |
| 14:13 | Build | Palisade Wall |
| 14:27 | Create | Villager (Male) |
| 14:30 | Research | Fletching |
| 15:33 | Create | Villager (Male) |
| 15:33 | Create | Villager (Male) |
| 15:33 | Create | Villager (Male) |
| 16:14 | Build | Farm |
| 16:15 | Build | Farm |
| 16:15 | Build | Farm |
| 16:16 | Build | Farm |
| 16:17 | Build | Farm |
| 16:42 | Build | Farm |
| 16:52 | Build | House |
| 16:53 | Build | House |
| 17:12 | Build | Farm |
| 17:52 | Build | Farm |
| 17:53 | Build | Farm |
| 17:54 | Build | Farm |
| 17:55 | Build | Farm |
| 17:56 | Build | Farm |
| 18:06 | Create | Archer |
| 18:06 | Create | Archer |
| 18:10 | Research | Castle Age |
| 18:32 | Create | Archer |
| 18:32 | Create | Archer |
| 18:51 | Build | House |
| 18:55 | Create | Villager (Male) |
| 19:16 | Research | Padded Archer Armor |
| 19:26 | Build | Farm |
| 19:28 | Build | Farm |
| 19:35 | Create | Villager (Male) |
| 19:40 | Research | Horse Collar |
| 19:43 | Research | Double-Bit Axe |
| 19:45 | Create | Archer |
| 19:45 | Create | Archer |
| 19:51 | Research | Horse Collar |
| 20:02 | Create | Villager (Male) |
| 20:31 | Create | Archer |
| 20:31 | Create | Archer |
| 20:36 | Build | Farm |
| 20:50 | Age | Castle Age |
| 20:56 | Create | Archer |
| 20:57 | Create | Archer |
| 20:59 | Create | Villager (Male) |
| 21:04 | Build | House |
| 21:21 | Create | Villager (Male) |
| 21:25 | Create | Villager (Male) |
| 21:28 | Create | Archer |
| 21:28 | Create | Archer |
| 21:40 | Research | Crossbowman (upgrade) |
| 22:04 | Create | Archer |
| 22:04 | Create | Archer |
| 22:05 | Create | Villager (Male) |
| 22:07 | Create | Villager (Male) |
| 22:39 | Build | Town Center |
| 22:46 | Create | Archer |
| 22:46 | Create | Archer |
| 23:01 | Create | Villager (Male) |
| 23:05 | Research | Bow Saw |
| 23:19 | Create | Archer |
| 23:19 | Create | Archer |
| 23:25 | Create | Villager (Male) |
| 23:28 | Create | Villager (Male) |
| 23:33 | Build | House |
| 23:34 | Build | House |
| 23:34 | Build | House |
| 23:52 | Create | Villager (Male) |
| 24:05 | Build | University |
| 24:09 | Create | Archer |
| 24:09 | Create | Archer |
| 24:10 | Create | Villager (Male) |
| 24:12 | Create | Villager (Male) |
| 24:17 | Create | Villager (Male) |
| 24:24 | Create | Villager (Male) |
| 24:29 | Research | Heavy Plow |
| 24:44 | Create | Archer |
| 24:44 | Create | Archer |
| 25:09 | Create | Archer |
| 25:09 | Create | Archer |
| 25:11 | Create | Villager (Male) |
| 25:11 | Create | Villager (Male) |
| 25:20 | Create | Villager (Male) |
| 25:21 | Create | Villager (Male) |
| 25:36 | Build | House |
| 25:37 | Build | House |
Build order — I still love Koreans
First 150 of 177 actions detected
| 0:02 | Create | Villager (Male) |
| 0:02 | Create | Villager (Male) |
| 0:03 | Build | House |
| 0:05 | Build | House |
| 0:10 | Create | Villager (Male) |
| 0:10 | Create | Villager (Male) |
| 1:12 | Create | Villager (Male) |
| 1:12 | Create | Villager (Male) |
| 1:33 | Create | Villager (Male) |
| 1:51 | Build | Settlement |
| 1:54 | Create | Villager (Male) |
| 2:26 | Create | Villager (Male) |
| 3:14 | Create | Villager (Male) |
| 3:41 | Create | Villager (Male) |
| 3:42 | Create | Villager (Male) |
| 3:42 | Create | Villager (Male) |
| 4:15 | Create | Villager (Male) |
| 4:15 | Create | Villager (Male) |
| 4:15 | Create | Villager (Male) |
| 4:35 | Create | Villager (Male) |
| 4:58 | Create | Villager (Male) |
| 5:16 | Create | Villager (Male) |
| 5:24 | Build | Settlement |
| 5:29 | Create | Villager (Male) |
| 5:30 | Create | Villager (Male) |
| 5:30 | Create | Villager (Male) |
| 6:10 | Create | Villager (Male) |
| 7:13 | Research | Loom |
| 7:46 | Research | Feudal Age |
| 7:50 | Build | House |
| 8:00 | Create | Villager (Male) |
| 8:14 | Build | Palisade Wall |
| 8:18 | Create | Villager (Male) |
| 9:32 | Build | House |
| 10:07 | Age | Feudal Age |
| 10:08 | Build | Blacksmith |
| 10:13 | Build | Market |
| 10:22 | Build | House |
| 11:03 | Research | Castle Age |
| 11:09 | Build | Palisade Wall |
| 11:43 | Build | Palisade Wall |
| 11:47 | Research | Double-Bit Axe |
| 12:10 | Build | Palisade Wall |
| 12:31 | Research | Horse Collar |
| 13:06 | Build | Farm |
| 13:08 | Build | Farm |
| 13:19 | Research | Wheelbarrow |
| 13:41 | Build | Palisade Wall |
| 13:43 | Age | Castle Age |
| 14:19 | Create | Villager (Male) |
| 14:28 | Build | Siege Workshop |
| 15:27 | Build | Castle |
| 15:39 | Create | Villager (Male) |
| 15:43 | Build | Farm |
| 16:00 | Research | Bow Saw |
| 16:02 | Build | Palisade Wall |
| 16:05 | Build | Palisade Wall |
| 16:10 | Build | Palisade Wall |
| 16:21 | Create | Villager (Male) |
| 16:38 | Build | Farm |
| 16:43 | Build | House |
| 16:48 | Build | House |
| 16:56 | Create | Villager (Male) |
| 17:17 | Create | Unit 2579 |
| 17:18 | Create | Unit 2579 |
| 17:27 | Create | Villager (Male) |
| 17:28 | Create | Villager (Male) |
| 17:41 | Create | Villager (Male) |
| 17:55 | Create | Unit 2579 |
| 18:13 | Build | Farm |
| 18:16 | Build | Farm |
| 18:25 | Create | Villager (Male) |
| 18:27 | Build | Farm |
| 18:31 | Build | Farm |
| 18:32 | Create | Unit 2579 |
| 18:52 | Create | Villager (Male) |
| 18:54 | Create | Unit 2579 |
| 19:24 | Research | Fletching |
| 19:27 | Create | Unit 2579 |
| 19:27 | Create | Unit 2579 |
| 19:35 | Build | Farm |
| 19:58 | Create | Unit 2579 |
| 20:15 | Create | Unit 2579 |
| 20:17 | Create | Villager (Male) |
| 20:23 | Build | House |
| 20:28 | Create | Villager (Male) |
| 20:42 | Build | Town Center |
| 20:56 | Create | Unit 2579 |
| 20:56 | Create | Unit 2579 |
| 20:57 | Create | Villager (Male) |
| 20:57 | Create | Villager (Male) |
| 21:05 | Build | Palisade Gate |
| 21:23 | Create | Unit 2579 |
| 21:24 | Create | Villager (Male) |
| 21:28 | Create | Villager (Male) |
| 21:33 | Create | Unit 2579 |
| 21:33 | Create | Unit 2579 |
| 21:34 | Create | Villager (Male) |
| 21:40 | Build | Farm |
| 21:52 | Build | House |
| 22:19 | Create | Villager (Male) |
| 22:20 | Create | Villager (Male) |
| 22:30 | Create | Villager (Male) |
| 22:39 | Build | Settlement |
| 22:42 | Create | Villager (Male) |
| 23:04 | Create | Villager (Male) |
| 23:06 | Create | Villager (Male) |
| 23:06 | Create | Villager (Male) |
| 23:30 | Build | Monastery |
| 23:32 | Create | Villager (Male) |
| 23:32 | Create | Villager (Male) |
| 23:44 | Research | Bodkin Arrow |
| 23:44 | Research | Bodkin Arrow |
| 23:45 | Create | Unit 2579 |
| 23:58 | Create | Villager (Male) |
| 24:08 | Create | Villager (Male) |
| 24:15 | Create | Unit 2579 |
| 24:15 | Create | Unit 2579 |
| 24:35 | Create | Unit 2579 |
| 24:36 | Create | Villager (Male) |
| 24:42 | Create | Villager (Male) |
| 24:42 | Create | Villager (Male) |
| 24:47 | Create | Monk |
| 25:03 | Build | University |
| 25:15 | Create | Unit 2579 |
| 25:15 | Create | Unit 2579 |
| 25:22 | Create | Villager (Male) |
| 25:22 | Create | Villager (Male) |
| 25:24 | Create | Villager (Male) |
| 25:24 | Create | Villager (Male) |
| 25:34 | Build | House |
| 25:35 | Build | House |
| 26:06 | Research | Ballistics |
| 26:13 | Create | Unit 2579 |
| 26:55 | Create | Unit 2579 |
| 26:56 | Create | Unit 2579 |
| 27:10 | Create | Unit 2579 |
| 27:10 | Create | Unit 2579 |
| 27:11 | Create | Villager (Male) |
| 27:13 | Build | House |
| 27:17 | Build | Settlement |
| 27:35 | Create | Unit 2579 |
| 27:35 | Create | Unit 2579 |
| 27:46 | Create | Villager (Male) |
| 27:56 | Create | Unit 2579 |
| 28:04 | Create | Villager (Male) |
| 28:15 | Build | Town Center |
| 28:18 | Create | Unit 2579 |
| 28:18 | Create | Unit 2579 |
| 28:22 | Create | Villager (Male) |
Build order — cro55b0w
First 150 of 181 actions detected
| 0:03 | Build | House |
| 0:05 | Build | House |
| 0:06 | Create | Villager (Male) |
| 0:07 | Create | Villager (Male) |
| 0:07 | Create | Villager (Male) |
| 0:07 | Create | Villager (Male) |
| 1:38 | Create | Villager (Male) |
| 2:20 | Create | Villager (Male) |
| 2:21 | Research | Loom |
| 3:08 | Create | Villager (Male) |
| 3:09 | Create | Villager (Male) |
| 3:17 | Create | Villager (Male) |
| 3:39 | Create | Villager (Male) |
| 3:39 | Create | Villager (Male) |
| 3:49 | Build | House |
| 3:51 | Build | House |
| 3:53 | Create | Villager (Male) |
| 4:45 | Create | Villager (Male) |
| 4:55 | Create | Villager (Male) |
| 5:10 | Build | Palisade Wall |
| 5:20 | Create | Villager (Male) |
| 5:48 | Build | Palisade Wall |
| 5:58 | Build | Mill |
| 6:33 | Create | Villager (Male) |
| 6:34 | Create | Villager (Male) |
| 6:35 | Create | Villager (Male) |
| 7:34 | Create | Villager (Male) |
| 7:44 | Build | Palisade Gate |
| 8:05 | Build | Lumber Camp |
| 8:21 | Create | Villager (Male) |
| 8:57 | Build | Palisade Wall |
| 9:09 | Research | Feudal Age |
| 9:37 | Build | House |
| 9:45 | Build | Palisade Gate |
| 9:48 | Build | Palisade Wall |
| 10:25 | Build | Palisade Gate |
| 10:33 | Create | Villager (Male) |
| 11:19 | Age | Feudal Age |
| 11:28 | Build | Barracks |
| 11:39 | Build | Stone Wall |
| 11:44 | Create | Villager (Male) |
| 11:58 | Build | Mining Camp |
| 12:07 | Build | Stone Wall |
| 12:08 | Build | Gate |
| 12:09 | Create | Villager (Male) |
| 12:09 | Create | Villager (Male) |
| 12:19 | Create | Villager (Male) |
| 12:24 | Create | Villager (Male) |
| 12:27 | Create | Spearman |
| 12:27 | Create | Spearman |
| 13:08 | Create | Spearman |
| 13:32 | Build | House |
| 13:59 | Build | Gate |
| 14:01 | Build | Stone Wall |
| 14:17 | Build | Mining Camp |
| 14:21 | Create | Spearman |
| 14:25 | Build | Stone Wall |
| 14:27 | Build | Stone Wall |
| 14:29 | Create | Villager (Male) |
| 14:40 | Build | House |
| 14:42 | Create | Villager (Male) |
| 14:49 | Create | Spearman |
| 14:54 | Build | Farm |
| 14:57 | Build | Farm |
| 14:58 | Build | Farm |
| 15:00 | Build | Farm |
| 15:01 | Create | Villager (Male) |
| 15:23 | Build | Farm |
| 15:41 | Build | Stone Wall |
| 15:43 | Build | Stone Wall |
| 15:48 | Build | Farm |
| 15:52 | Create | Villager (Male) |
| 16:03 | Build | House |
| 16:05 | Build | House |
| 16:06 | Build | House |
| 16:07 | Create | Villager (Male) |
| 16:25 | Build | Farm |
| 16:34 | Build | Farm |
| 16:35 | Build | Farm |
| 16:45 | Build | Farm |
| 16:51 | Create | Villager (Male) |
| 17:26 | Build | Gate |
| 17:45 | Build | Blacksmith |
| 18:06 | Build | Archery Range |
| 18:26 | Create | Villager (Male) |
| 18:51 | Research | Castle Age |
| 18:58 | Research | Gold Mining |
| 19:11 | Create | Archer |
| 19:22 | Research | Double-Bit Axe |
| 19:32 | Build | Archery Range |
| 19:45 | Build | Archery Range |
| 19:49 | Create | Archer |
| 19:55 | Research | Fletching |
| 19:57 | Create | Villager (Male) |
| 20:20 | Research | Horse Collar |
| 20:42 | Create | Archer |
| 20:43 | Create | Archer |
| 20:43 | Create | Archer |
| 20:43 | Create | Archer |
| 21:26 | Create | Archer |
| 21:27 | Create | Archer |
| 21:31 | Age | Castle Age |
| 21:32 | Build | Archery Range |
| 21:37 | Create | Villager (Male) |
| 21:53 | Build | Town Center |
| 21:56 | Research | Crossbowman (upgrade) |
| 22:05 | Create | Spearman |
| 22:10 | Create | Villager (Male) |
| 22:21 | Research | Stone Mining |
| 22:30 | Research | Bow Saw |
| 22:50 | Research | Stone Mining |
| 23:02 | Build | House |
| 23:03 | Build | House |
| 23:05 | Create | Villager (Male) |
| 23:13 | Create | Archer |
| 23:14 | Create | Archer |
| 23:14 | Create | Archer |
| 23:14 | Create | Archer |
| 23:14 | Create | Archer |
| 23:15 | Create | Spearman |
| 23:16 | Create | Spearman |
| 23:44 | Create | Villager (Male) |
| 23:57 | Build | Farm |
| 23:58 | Build | Farm |
| 24:14 | Create | Villager (Male) |
| 24:30 | Create | Villager (Male) |
| 24:30 | Create | Villager (Male) |
| 24:30 | Create | Villager (Male) |
| 24:31 | Create | Villager (Male) |
| 24:36 | Build | Mill |
| 24:37 | Build | Farm |
| 24:50 | Create | Villager (Male) |
| 25:13 | Build | Farm |
| 25:16 | Create | Villager (Male) |
| 25:25 | Create | Villager (Male) |
| 25:31 | Create | Villager (Male) |
| 25:32 | Build | Farm |
| 26:08 | Build | Castle |
| 26:36 | Create | Villager (Male) |
| 26:38 | Create | Villager (Male) |
| 26:40 | Research | Wheelbarrow |
| 26:45 | Build | House |
| 26:46 | Build | House |
| 26:57 | Create | Villager (Male) |
| 27:01 | Create | Villager (Male) |
| 27:08 | Build | House |
| 27:10 | Build | House |
| 27:10 | Build | House |
| 27:11 | Build | House |
| 27:23 | Create | Rattan Archer |
Build order — Fürst Zono
First 150 of 231 actions detected
| 0:01 | Create | Villager (Male) |
| 0:02 | Create | Villager (Male) |
| 0:02 | Create | Villager (Male) |
| 0:03 | Build | House |
| 0:04 | Build | House |
| 0:23 | Create | Villager (Male) |
| 0:24 | Create | Villager (Male) |
| 1:27 | Create | Villager (Male) |
| 1:27 | Create | Villager (Male) |
| 1:52 | Create | Villager (Male) |
| 2:30 | Create | Villager (Male) |
| 2:31 | Create | Villager (Male) |
| 2:39 | Build | Lumber Camp |
| 2:58 | Create | Villager (Male) |
| 3:26 | Create | Villager (Male) |
| 3:26 | Create | Villager (Male) |
| 3:37 | Research | Loom |
| 3:39 | Create | Villager (Male) |
| 3:59 | Build | House |
| 4:04 | Create | Villager (Male) |
| 4:04 | Create | Villager (Male) |
| 4:57 | Create | Villager (Male) |
| 5:15 | Create | Villager (Male) |
| 5:31 | Create | Villager (Male) |
| 6:02 | Build | Mill |
| 6:25 | Create | Villager (Male) |
| 6:56 | Research | Feudal Age |
| 7:12 | Create | Villager (Male) |
| 8:15 | Build | Barracks |
| 8:28 | Build | House |
| 8:31 | Create | Villager (Male) |
| 9:06 | Age | Feudal Age |
| 9:26 | Build | Stable |
| 9:42 | Build | House |
| 9:43 | Create | Villager (Male) |
| 9:50 | Create | Villager (Male) |
| 10:14 | Build | Palisade Gate |
| 10:23 | Create | Scout Cavalry |
| 10:25 | Create | Scout Cavalry |
| 10:26 | Create | Villager (Male) |
| 10:26 | Create | Villager (Male) |
| 10:45 | Create | Villager (Male) |
| 10:53 | Build | House |
| 10:56 | Build | House |
| 10:59 | Research | Double-Bit Axe |
| 11:01 | Build | Farm |
| 11:06 | Build | Palisade Wall |
| 11:09 | Create | Villager (Male) |
| 11:11 | Create | Scout Cavalry |
| 11:27 | Build | Farm |
| 11:34 | Build | House |
| 11:44 | Build | House |
| 11:52 | Create | Scout Cavalry |
| 12:16 | Build | Palisade Wall |
| 12:20 | Create | Scout Cavalry |
| 12:21 | Create | Villager (Male) |
| 12:24 | Create | Villager (Male) |
| 12:26 | Build | House |
| 12:44 | Build | Farm |
| 12:47 | Build | Farm |
| 12:51 | Build | Farm |
| 13:02 | Build | House |
| 13:19 | Create | Villager (Male) |
| 13:34 | Create | Villager (Male) |
| 13:47 | Build | Lumber Camp |
| 13:53 | Create | Spearman |
| 13:53 | Create | Villager (Male) |
| 13:58 | Create | Villager (Male) |
| 14:29 | Create | Villager (Male) |
| 14:30 | Create | Scout Cavalry |
| 14:54 | Create | Villager (Male) |
| 15:09 | Create | Villager (Male) |
| 15:09 | Create | Villager (Male) |
| 15:18 | Build | Farm |
| 15:24 | Build | Farm |
| 15:25 | Build | Farm |
| 15:26 | Build | Farm |
| 15:41 | Create | Villager (Male) |
| 15:56 | Build | House |
| 16:05 | Build | Mining Camp |
| 16:10 | Build | House |
| 16:15 | Build | Farm |
| 16:16 | Build | Farm |
| 16:18 | Build | Farm |
| 16:39 | Create | Spearman |
| 16:40 | Create | Spearman |
| 16:55 | Create | Spearman |
| 17:01 | Build | House |
| 17:15 | Create | Villager (Male) |
| 17:18 | Build | Farm |
| 17:19 | Build | Farm |
| 17:19 | Build | Farm |
| 17:19 | Build | Farm |
| 17:19 | Build | Farm |
| 17:19 | Build | Farm |
| 17:38 | Build | House |
| 17:52 | Build | House |
| 17:57 | Create | Villager (Male) |
| 18:01 | Build | House |
| 18:13 | Create | Villager (Male) |
| 18:22 | Build | House |
| 18:25 | Build | Palisade Wall |
| 18:26 | Build | Palisade Wall |
| 18:39 | Create | Villager (Male) |
| 18:49 | Create | Villager (Male) |
| 19:39 | Create | Villager (Male) |
| 19:54 | Build | Market |
| 19:58 | Build | Blacksmith |
| 20:28 | Create | Villager (Male) |
| 20:33 | Build | Blacksmith |
| 20:56 | Research | Castle Age |
| 21:01 | Build | Lumber Camp |
| 23:00 | Build | House |
| 23:06 | Build | House |
| 23:35 | Create | Villager (Male) |
| 23:36 | Age | Castle Age |
| 23:41 | Create | Camel Scout |
| 23:41 | Create | Camel Scout |
| 23:47 | Build | Town Center |
| 23:56 | Build | Town Center |
| 24:07 | Create | Camel Scout |
| 24:08 | Create | Villager (Male) |
| 24:08 | Create | Villager (Male) |
| 24:16 | Create | Villager (Male) |
| 24:40 | Build | Town Center |
| 24:48 | Create | Villager (Male) |
| 24:50 | Research | Wheelbarrow |
| 24:52 | Research | Bow Saw |
| 25:09 | Build | Farm |
| 25:09 | Build | Farm |
| 25:09 | Build | Farm |
| 25:09 | Build | Farm |
| 25:10 | Build | Farm |
| 25:10 | Build | Farm |
| 25:10 | Build | Farm |
| 25:10 | Build | Farm |
| 25:14 | Create | Villager (Male) |
| 25:15 | Create | Villager (Male) |
| 25:20 | Build | Farm |
| 25:21 | Build | Farm |
| 25:21 | Build | Farm |
| 25:21 | Build | Farm |
| 25:46 | Create | Villager (Male) |
| 25:47 | Create | Villager (Male) |
| 26:01 | Create | Villager (Male) |
| 26:07 | Build | Farm |
| 26:08 | Build | Farm |
| 26:15 | Research | Horse Collar |
| 26:16 | Create | Villager (Male) |
| 26:25 | Create | Villager (Male) |
Build order — Yasuo, the Unforgiven
First 150 of 179 actions detected
| 0:02 | Create | Villager (Male) ×4 |
| 0:03 | Build | House |
| 0:05 | Build | House |
| 1:31 | Create | Villager (Male) |
| 1:50 | Create | Villager (Male) |
| 1:51 | Create | Villager (Male) |
| 1:53 | Build | Lumber Camp |
| 2:25 | Create | Villager (Male) |
| 2:33 | Create | Villager (Male) |
| 3:10 | Build | House |
| 3:11 | Build | House |
| 3:19 | Create | Villager (Male) |
| 3:39 | Create | Villager (Male) |
| 3:39 | Create | Villager (Male) |
| 4:09 | Create | Villager (Male) |
| 4:09 | Create | Villager (Male) |
| 4:27 | Build | Palisade Wall |
| 4:53 | Create | Villager (Male) |
| 4:53 | Create | Villager (Male) |
| 5:22 | Create | Villager (Male) |
| 5:27 | Create | Villager (Male) |
| 5:27 | Create | Villager (Male) |
| 5:48 | Create | Villager (Male) |
| 6:44 | Build | Mill |
| 7:01 | Research | Loom |
| 7:29 | Research | Feudal Age |
| 7:56 | Build | Barracks |
| 8:56 | Create | Villager (Male) |
| 9:13 | Build | House |
| 9:39 | Age | Feudal Age |
| 9:44 | Build | Stable |
| 9:57 | Build | House |
| 10:02 | Create | Villager (Male) |
| 10:09 | Research | Loom |
| 10:36 | Create | Scout Cavalry |
| 10:36 | Create | Scout Cavalry |
| 10:52 | Create | Villager (Male) |
| 10:52 | Create | Villager (Male) |
| 11:09 | Build | Stable |
| 11:24 | Create | Scout Cavalry |
| 11:36 | Create | Villager (Male) |
| 11:36 | Research | Horse Collar |
| 11:37 | Research | Double-Bit Axe |
| 11:57 | Build | House |
| 12:01 | Build | Farm |
| 12:02 | Create | Villager (Male) |
| 12:02 | Create | Villager (Male) |
| 12:05 | Create | Scout Cavalry |
| 12:07 | Create | Scout Cavalry |
| 12:37 | Create | Villager (Male) |
| 12:38 | Create | Scout Cavalry |
| 12:39 | Create | Scout Cavalry |
| 12:42 | Build | House |
| 13:20 | Create | Villager (Male) |
| 13:34 | Build | Mining Camp |
| 14:04 | Build | Farm |
| 14:08 | Create | Scout Cavalry |
| 14:09 | Create | Scout Cavalry |
| 14:10 | Build | House |
| 14:13 | Create | Scout Cavalry |
| 14:13 | Create | Scout Cavalry |
| 14:28 | Create | Villager (Male) |
| 14:29 | Create | Villager (Male) |
| 14:32 | Build | Farm |
| 14:55 | Build | House |
| 15:31 | Research | Bloodlines |
| 15:33 | Build | House |
| 15:38 | Build | Farm |
| 15:40 | Build | Farm |
| 15:40 | Create | Villager (Male) |
| 16:14 | Create | Villager (Male) |
| 16:16 | Build | Farm |
| 16:16 | Create | Villager (Male) |
| 17:03 | Create | Villager (Male) |
| 17:03 | Create | Villager (Male) |
| 17:05 | Build | Farm |
| 17:07 | Build | Farm |
| 17:09 | Build | Farm |
| 17:10 | Build | Farm |
| 17:11 | Build | Farm |
| 17:12 | Build | Farm |
| 17:15 | Build | Farm |
| 17:22 | Build | Farm |
| 17:23 | Build | Farm |
| 17:25 | Build | Farm |
| 17:40 | Build | Farm |
| 17:49 | Build | Blacksmith |
| 18:09 | Build | Farm |
| 18:11 | Create | Villager (Male) |
| 18:42 | Create | Villager (Male) |
| 18:57 | Build | Farm |
| 19:05 | Build | Mining Camp |
| 19:47 | Build | Farm |
| 20:05 | Research | Castle Age |
| 20:38 | Research | Scale Barding Armor |
| 20:42 | Research | Gold Mining |
| 21:50 | Create | Villager (Male) |
| 21:50 | Create | Villager (Male) |
| 21:57 | Research | Stone Mining |
| 22:45 | Age | Castle Age |
| 22:49 | Build | Town Center |
| 23:14 | Build | Town Center |
| 23:16 | Create | Villager (Male) |
| 23:17 | Create | Villager (Male) |
| 23:19 | Create | Steppe Lancer |
| 23:19 | Create | Steppe Lancer |
| 23:19 | Create | Steppe Lancer |
| 23:19 | Create | Steppe Lancer |
| 23:20 | Create | Steppe Lancer |
| 23:58 | Create | Villager (Male) |
| 23:58 | Create | Villager (Male) |
| 24:04 | Create | Villager (Male) |
| 24:04 | Create | Villager (Male) |
| 24:17 | Research | Heavy Plow |
| 24:25 | Create | Steppe Lancer |
| 24:26 | Create | Steppe Lancer |
| 24:48 | Research | Wheelbarrow |
| 24:49 | Research | Wheelbarrow |
| 24:53 | Create | Villager (Male) |
| 24:53 | Create | Villager (Male) |
| 25:03 | Create | Villager (Male) |
| 25:06 | Create | Villager (Male) |
| 25:07 | Create | Villager (Male) |
| 25:19 | Build | Farm |
| 25:21 | Build | Farm |
| 25:23 | Build | Farm |
| 25:25 | Create | Villager (Male) |
| 25:32 | Create | Villager (Male) |
| 25:35 | Build | Farm |
| 25:39 | Research | Husbandry |
| 26:20 | Create | Villager (Male) |
| 26:20 | Create | Villager (Male) |
| 26:21 | Build | Farm |
| 26:23 | Create | Villager (Male) |
| 26:24 | Build | Farm |
| 26:26 | Build | Farm |
| 26:42 | Create | Villager (Male) |
| 26:44 | Build | Farm |
| 26:45 | Create | Villager (Male) |
| 26:45 | Create | Villager (Male) |
| 26:49 | Build | Farm |
| 26:52 | Build | Farm |
| 27:00 | Build | Castle |
| 27:13 | Create | Villager (Male) |
| 27:13 | Create | Villager (Male) |
| 27:16 | Create | Villager (Male) |
| 27:16 | Create | Villager (Male) |
| 27:17 | Build | Farm |
| 27:20 | Research | Bow Saw |
| 27:43 | Create | Villager (Male) |
Build order — I still hate Goths
First 150 of 168 actions detected
| 0:02 | Create | Villager (Male) |
| 0:02 | Create | Villager (Male) |
| 0:03 | Build | House |
| 0:05 | Build | House |
| 0:15 | Create | Villager (Male) |
| 0:15 | Create | Villager (Male) |
| 0:23 | Create | Villager (Male) |
| 1:25 | Create | Villager (Male) |
| 1:50 | Build | Lumber Camp |
| 1:51 | Create | Villager (Male) |
| 2:31 | Create | Villager (Male) |
| 2:53 | Create | Villager (Male) |
| 3:14 | Create | Villager (Male) |
| 3:30 | Build | House |
| 3:58 | Create | Villager (Male) |
| 4:25 | Create | Villager (Male) |
| 4:39 | Build | Mill |
| 4:48 | Build | Mill |
| 4:59 | Create | Villager (Male) |
| 5:00 | Create | Villager (Male) |
| 5:04 | Create | Villager (Male) |
| 5:24 | Create | Villager (Male) |
| 5:51 | Research | Loom |
| 6:17 | Create | Villager (Male) |
| 7:04 | Research | Feudal Age |
| 7:57 | Build | House |
| 8:06 | Build | Barracks |
| 9:08 | Age | Feudal Age |
| 9:11 | Build | Stable |
| 9:25 | Create | Villager (Male) |
| 9:33 | Research | Double-Bit Axe |
| 9:46 | Build | House |
| 9:47 | Create | Scout Cavalry ×2 |
| 10:16 | Build | Blacksmith |
| 10:16 | Create | Villager (Male) |
| 10:22 | Build | Gate |
| 10:24 | Build | House |
| 10:28 | Create | Villager (Male) |
| 11:02 | Create | Villager (Male) |
| 11:22 | Create | Villager (Male) |
| 12:01 | Create | Villager (Male) |
| 12:12 | Build | Farm |
| 12:13 | Build | Farm |
| 12:14 | Build | Farm |
| 12:15 | Build | Farm |
| 12:58 | Build | Stable |
| 12:59 | Build | Stable |
| 13:01 | Create | Villager (Male) |
| 13:05 | Build | Farm |
| 13:05 | Create | Villager (Male) |
| 13:15 | Create | Villager (Male) |
| 13:37 | Create | Villager (Male) |
| 13:39 | Build | Farm |
| 13:40 | Build | Farm |
| 13:46 | Create | Scout Cavalry |
| 13:51 | Create | Scout Cavalry |
| 13:57 | Build | Farm |
| 14:16 | Create | Villager (Male) |
| 14:33 | Build | House |
| 14:39 | Build | Farm |
| 14:41 | Create | Scout Cavalry |
| 14:47 | Create | Villager (Male) |
| 14:51 | Build | Farm |
| 14:54 | Create | Villager (Male) |
| 15:04 | Create | Villager (Male) |
| 15:07 | Build | House |
| 15:10 | Build | House |
| 15:12 | Build | Palisade Wall |
| 15:15 | Build | House |
| 15:33 | Create | Scout Cavalry |
| 15:44 | Build | Farm |
| 15:44 | Create | Villager (Male) |
| 16:03 | Create | Villager (Male) |
| 16:04 | Create | Scout Cavalry |
| 16:18 | Create | Villager (Male) |
| 16:24 | Build | House |
| 16:38 | Create | Villager (Male) |
| 16:49 | Create | Scout Cavalry |
| 16:55 | Create | Villager (Male) |
| 17:17 | Build | Farm |
| 17:17 | Create | Villager (Male) |
| 17:19 | Build | Farm |
| 17:20 | Build | Farm |
| 17:28 | Create | Scout Cavalry |
| 17:34 | Build | Palisade Wall |
| 17:39 | Build | Farm |
| 17:48 | Build | House |
| 17:49 | Create | Villager (Male) |
| 17:52 | Build | Farm |
| 18:07 | Build | Farm |
| 18:14 | Build | Mining Camp |
| 18:14 | Create | Villager (Male) |
| 18:34 | Build | Farm |
| 18:36 | Build | Farm |
| 18:37 | Build | Farm |
| 18:38 | Research | Horse Collar |
| 19:01 | Create | Villager (Male) |
| 19:03 | Create | Villager (Male) |
| 19:05 | Create | Scout Cavalry |
| 19:05 | Create | Scout Cavalry |
| 19:46 | Create | Villager (Male) |
| 20:05 | Build | Palisade Wall |
| 20:15 | Create | Villager (Male) |
| 20:29 | Build | House |
| 20:41 | Build | Market |
| 20:46 | Build | House |
| 20:52 | Create | Villager (Male) |
| 21:15 | Build | House |
| 21:24 | Build | Farm |
| 21:26 | Create | Villager (Male) |
| 21:32 | Build | Farm |
| 21:42 | Research | Castle Age |
| 22:14 | Research | Bloodlines |
| 22:28 | Build | House |
| 22:41 | Research | Scale Barding Armor |
| 22:44 | Research | Gold Mining |
| 24:08 | Age | Castle Age |
| 24:11 | Research | Chain Barding Armor |
| 24:12 | Create | Knight ×5 |
| 24:13 | Create | Villager (Male) |
| 24:23 | Build | Town Center |
| 24:24 | Create | Villager (Male) |
| 24:38 | Create | Villager (Male) |
| 24:55 | Research | Husbandry |
| 25:24 | Create | Knight ×3 |
| 25:49 | Build | Town Center |
| 25:50 | Create | Villager (Male) |
| 25:55 | Create | Knight |
| 25:57 | Create | Villager (Male) |
| 26:16 | Create | Knight |
| 26:22 | Build | Farm |
| 26:22 | Create | Villager (Male) |
| 26:47 | Create | Villager (Male) |
| 26:49 | Create | Knight ×2 |
| 26:49 | Create | Villager (Male) |
| 27:15 | Create | Villager (Male) |
| 27:17 | Create | Villager (Male) |
| 27:27 | Create | Villager (Male) |
| 27:28 | Create | Villager (Male) |
| 27:31 | Create | Villager (Male) |
| 27:39 | Create | Knight |
| 27:50 | Build | Farm |
| 27:51 | Build | Farm |
| 27:52 | Create | Villager (Male) |
| 27:59 | Build | Market |
| 28:01 | Create | Villager (Male) |
| 28:14 | Build | Farm |
| 28:17 | Create | Villager (Male) |
| 28:19 | Create | Villager (Male) |
| 28:25 | Create | Villager (Male) |
Build order — 帝国时代2--叶枫
First 150 of 236 actions detected
| 0:05 | Create | Villager (Male) |
| 0:05 | Create | Villager (Male) |
| 0:07 | Build | House |
| 0:08 | Build | House |
| 0:22 | Create | Villager (Male) |
| 0:22 | Create | Villager (Male) |
| 0:22 | Create | Villager (Male) |
| 1:21 | Create | Villager (Male) |
| 1:22 | Create | Villager (Male) |
| 1:56 | Create | Villager (Male) |
| 1:56 | Create | Villager (Male) |
| 1:58 | Build | Lumber Camp |
| 2:35 | Create | Villager (Male) |
| 2:35 | Create | Villager (Male) |
| 2:51 | Create | Villager (Male) |
| 2:51 | Create | Villager (Male) |
| 3:22 | Create | Villager (Male) |
| 3:45 | Build | House |
| 3:48 | Create | Villager (Male) |
| 3:48 | Create | Villager (Male) |
| 4:09 | Create | Villager (Male) |
| 4:09 | Create | Villager (Male) |
| 4:30 | Create | Villager (Male) |
| 4:30 | Create | Villager (Male) |
| 4:54 | Create | Villager (Male) |
| 4:54 | Create | Villager (Male) |
| 5:22 | Build | House |
| 5:24 | Build | House |
| 5:27 | Create | Villager (Male) |
| 5:28 | Create | Villager (Male) |
| 5:58 | Create | Villager (Male) |
| 5:59 | Create | Villager (Male) |
| 6:29 | Create | Villager (Male) |
| 6:34 | Build | Mill |
| 6:44 | Build | House |
| 6:55 | Create | Villager (Male) |
| 6:55 | Create | Villager (Male) |
| 6:55 | Create | Villager (Male) |
| 6:58 | Build | House |
| 7:06 | Create | Villager (Male) |
| 7:16 | Create | Villager (Male) |
| 7:16 | Create | Villager (Male) |
| 7:29 | Build | House |
| 7:54 | Build | House |
| 8:02 | Build | Palisade Wall |
| 8:04 | Build | Palisade Gate |
| 8:33 | Build | Farm |
| 8:34 | Build | Farm |
| 8:35 | Build | Farm |
| 8:41 | Build | House |
| 9:08 | Research | Feudal Age |
| 9:09 | Research | Feudal Age |
| 9:39 | Build | House |
| 9:59 | Build | Mining Camp |
| 10:02 | Build | Farm |
| 10:26 | Build | Farm |
| 10:35 | Build | Palisade Wall |
| 10:49 | Create | Villager (Male) |
| 10:59 | Research | Loom |
| 11:25 | Age | Feudal Age |
| 11:29 | Create | Villager (Male) |
| 11:32 | Build | Lumber Camp |
| 11:39 | Create | Villager (Male) |
| 11:50 | Build | Palisade Gate |
| 12:09 | Create | Villager (Male) |
| 12:37 | Build | Market |
| 13:02 | Create | Villager (Male) |
| 13:24 | Build | Blacksmith |
| 13:53 | Research | Double-Bit Axe |
| 13:58 | Create | Villager (Male) |
| 14:11 | Research | Castle Age |
| 14:29 | Research | Horse Collar |
| 14:47 | Build | Barracks |
| 14:55 | Create | Villager (Male) |
| 15:26 | Create | Villager (Male) |
| 15:56 | Build | Stable |
| 16:24 | Build | Stable |
| 17:03 | Age | Castle Age |
| 17:21 | Create | Villager (Male) |
| 17:22 | Build | Farm |
| 17:23 | Build | Farm |
| 17:36 | Build | Town Center |
| 17:38 | Create | Knight |
| 17:38 | Create | Knight |
| 17:38 | Create | Knight |
| 17:39 | Create | Knight |
| 17:42 | Build | Farm |
| 17:54 | Create | Villager (Male) |
| 18:00 | Build | Farm |
| 18:02 | Build | Farm |
| 18:11 | Create | Knight |
| 18:11 | Create | Knight |
| 18:35 | Build | Farm |
| 18:35 | Build | Farm |
| 18:40 | Create | Villager (Male) |
| 18:58 | Create | Knight |
| 18:59 | Create | Knight |
| 19:13 | Create | Villager (Male) |
| 19:15 | Build | Farm |
| 19:26 | Build | Farm |
| 19:27 | Build | Farm |
| 19:28 | Build | Farm |
| 19:30 | Create | Villager (Male) |
| 19:44 | Create | Villager (Male) |
| 19:48 | Build | Farm |
| 19:49 | Build | Farm |
| 20:01 | Create | Knight |
| 20:21 | Create | Villager (Male) |
| 20:23 | Build | Farm |
| 20:27 | Build | Farm |
| 20:27 | Build | Farm |
| 20:32 | Create | Villager (Male) |
| 20:32 | Create | Villager (Male) |
| 20:44 | Create | Villager (Male) |
| 20:48 | Create | Villager (Male) |
| 21:03 | Create | Knight |
| 21:03 | Create | Knight |
| 21:12 | Build | Farm |
| 21:18 | Create | Villager (Male) |
| 21:29 | Create | Villager (Male) |
| 21:33 | Create | Villager (Male) |
| 21:33 | Create | Villager (Male) |
| 21:46 | Build | Farm |
| 21:47 | Build | Farm |
| 21:49 | Create | Villager (Male) |
| 21:54 | Create | Villager (Male) |
| 22:02 | Build | House |
| 22:02 | Build | House |
| 22:03 | Build | House |
| 22:11 | Create | Villager (Male) |
| 22:14 | Create | Villager (Male) |
| 22:21 | Create | Knight |
| 22:21 | Create | Knight |
| 22:38 | Create | Villager (Male) |
| 22:40 | Create | Villager (Male) |
| 22:48 | Build | Town Center |
| 23:03 | Create | Villager (Male) |
| 23:06 | Build | Farm |
| 23:08 | Build | Farm |
| 23:17 | Create | Knight |
| 23:18 | Create | Knight |
| 23:20 | Create | Knight |
| 23:23 | Build | Farm |
| 23:26 | Create | Villager (Male) |
| 24:10 | Create | Villager (Male) |
| 24:11 | Create | Villager (Male) |
| 24:11 | Create | Villager (Male) |
| 24:13 | Build | Farm |
| 24:14 | Build | Farm |
| 24:15 | Build | Farm |
Match timeline
| 4:27 | Yasuo, the Unforgiven · wall_segment Palisade Wall x5 |
| 5:10 | cro55b0w · wall_segment Palisade Wall x21 |
| 5:48 | cro55b0w · wall_segment Palisade Wall x24 |
| 7:50 | xu3u6vm0888 · wall_segment Palisade Wall x3 |
| 7:56 | Yasuo, the Unforgiven · first_building Barracks |
| 8:02 | 帝国时代2--叶枫 · wall_segment Palisade Wall x4 |
| 8:06 | I still hate Goths · first_building Barracks |
| 8:14 | I still love Koreans · wall_segment Palisade Wall x9 |
| 8:15 | Fürst Zono · first_building Barracks |
| 8:57 | cro55b0w · wall_segment Palisade Wall x17 |
| 9:06 | Fürst Zono · age_up feudal |
| 9:08 | I still hate Goths · age_up feudal |
| 9:11 | I still hate Goths · first_building Stable |
| 9:26 | Fürst Zono · first_building Stable |
| 9:31 | Tanana · wall_segment Palisade Wall x5 |
| 9:39 | Yasuo, the Unforgiven · age_up feudal |
| 9:44 | Yasuo, the Unforgiven · first_building Stable |
| 9:44 | xu3u6vm0888 · first_building Barracks |
| 9:48 | cro55b0w · wall_segment Palisade Wall x9 |
| 10:07 | I still love Koreans · age_up feudal |
| 10:24 | Tanana · wall_segment Palisade Wall x8 |
| 10:30 | Tanana · wall_segment Palisade Wall x1 |
| 10:35 | 帝国时代2--叶枫 · wall_segment Palisade Wall x13 |
| 11:00 | xu3u6vm0888 · age_up feudal |
| 11:06 | Fürst Zono · wall_segment Palisade Wall x1 |
| 11:09 | I still love Koreans · wall_segment Palisade Wall x11 |
| 11:11 | xu3u6vm0888 · first_building Archery Range |
| 11:19 | cro55b0w · age_up feudal |
| 11:25 | 帝国时代2--叶枫 · age_up feudal |
| 11:28 | xu3u6vm0888 · wall_segment Palisade Wall x7 |
| 11:28 | cro55b0w · first_building Barracks |
| 11:31 | Tanana · wall_segment Palisade Wall x15 |
| 11:39 | cro55b0w · wall_segment Stone Wall x9 |
| 11:43 | I still love Koreans · wall_segment Palisade Wall x8 |
| 12:07 | cro55b0w · wall_segment Stone Wall x4 |
| 12:10 | I still love Koreans · wall_segment Palisade Wall x6 |
| 12:16 | Fürst Zono · wall_segment Palisade Wall x1 |
| 12:48 | Tanana · age_up feudal |
| 13:17 | Tanana · wall_segment Palisade Wall x1 |
| 13:20 | Tanana · wall_segment Palisade Wall x1 |
| 13:41 | I still love Koreans · wall_segment Palisade Wall x5 |
| 13:43 | I still love Koreans · age_up castle |
| 14:01 | cro55b0w · wall_segment Stone Wall x2 |
| 14:13 | xu3u6vm0888 · wall_segment Palisade Wall x15 |
| 14:25 | cro55b0w · wall_segment Stone Wall x6 |
| 14:25 | Tanana · first_market_buy 100 wood |
| 14:27 | cro55b0w · wall_segment Stone Wall x2 |
| 14:28 | I still love Koreans · first_building Siege Workshop |
| 14:31 | Tanana · first_building Barracks |
| 14:47 | 帝国时代2--叶枫 · first_building Barracks |
| 14:57 | I still love Koreans · first_market_buy 100 stone |
| 15:12 | I still hate Goths · wall_segment Palisade Wall x1 |
| 15:27 | I still love Koreans · first_building Castle |
| 15:41 | cro55b0w · wall_segment Stone Wall x3 |
| 15:43 | cro55b0w · wall_segment Stone Wall x4 |
| 15:53 | Tanana · first_building Archery Range |
| 15:56 | 帝国时代2--叶枫 · first_building Stable |
| 16:02 | I still love Koreans · wall_segment Palisade Wall x1 |
| 16:05 | I still love Koreans · wall_segment Palisade Wall x1 |
| 16:10 | I still love Koreans · wall_segment Palisade Wall x1 |
| 17:03 | 帝国时代2--叶枫 · age_up castle |
| 17:06 | Tanana · age_up castle |
| 17:34 | I still hate Goths · wall_segment Palisade Wall x1 |
| 18:06 | cro55b0w · first_building Archery Range |
| 18:25 | Fürst Zono · wall_segment Palisade Wall x1 |
| 18:26 | Fürst Zono · wall_segment Palisade Wall x1 |
| 18:52 | 帝国时代2--叶枫 · first_market_sell 100 wood |
| 18:53 | 帝国时代2--叶枫 · first_market_buy 100 food |
| 19:18 | I still love Koreans · first_market_sell 100 wood |
| 20:05 | I still hate Goths · wall_segment Palisade Wall x1 |
| 20:40 | Fürst Zono · first_market_buy 100 food |
| 20:46 | Fürst Zono · first_market_sell 100 wood |
| 20:50 | xu3u6vm0888 · age_up castle |
| 21:31 | cro55b0w · age_up castle |
| 22:38 | I still hate Goths · first_market_buy 100 food |
| 22:45 | Yasuo, the Unforgiven · age_up castle |
| 23:30 | I still love Koreans · first_building Monastery |
| 23:36 | Fürst Zono · age_up castle |
| 24:08 | I still hate Goths · age_up castle |
| 24:30 | Tanana · wall_segment Palisade Wall x1 |
| 26:08 | cro55b0w · first_building Castle |
| 27:00 | Yasuo, the Unforgiven · first_building Castle |
| 27:37 | xu3u6vm0888 · first_building Siege Workshop |
| 28:16 | xu3u6vm0888 · wall_segment Palisade Wall x9 |
| 29:15 | I still hate Goths · first_building Monastery |
| 29:57 | 帝国时代2--叶枫 · resign |
[ AI ANALYSIS · 1 CREDIT ]
What really happened in this match?
Wolo.gg analyzes every decision: build order, eco, micro, common mistakes by bracket. Personalized analysis on WhatsApp or Discord in 30 seconds.
Civ guide
Ethiopians
Map guide
Lombardia
Perfil
Jugador #2286838